 Dungeon Crawl Stone Soup version 0.31-a0-1093-gadecf4124d (webtiles) character file.

Game seed: 1583117651672382105

627 Ivernyr the Shield-Bearer (level 7, -11/56 HPs)
             Began as a Formicid Fighter on Nov 29, 2023.
             Shot with a bolt by an orc warrior (16 damage)
             ... in a bailey.
             The game lasted 00:08:37 (4041 turns).

Ivernyr the Shield-Bearer (Formicid Fighter)        Turns: 4041, Time: 00:08:38

Health: -11/56     AC:  7    Str: 23    XL:     7   Next: 77%
Magic:  7/7        EV:  9    Int:  7    God:
Gold:   175        SH:  5    Dex: 13    Spells: 6/6 levels left

rFire   + + .        a - +0 quarterstaff
rCold   . . .        c - +0 buckler
rNeg    . . .        b - +0 scale mail
rPois   .            (helmet unavailable)
rElec   .            (no cloak)
rCorr   .            (no gloves)
SInv    +            (no boots)
Will    .....        (no amulet) Stlth
                     i - ring of protection from fire
HPRegen 0.29/turn    p - ring of protection from fire
MPRegen 0.10/turn

%: no passive effects
@: no status effects
A: permanent stasis, dig shafts and tunnels, antennae 3, four strong arms
a: Dig


You were in a bailey.
You visited 1 branch of the dungeon, and saw 7 of its levels.
You also visited: Bailey.

You collected 245 gold pieces.
You spent 70 gold pieces at shops.

Inventory:

Hand Weapons
 a - a +0 quarterstaff (weapon)
Armour
 b - a +0 scale mail (worn)
 c - a +0 buckler (worn)
Jewellery
 i - a ring of protection from fire (left hand)
 p - a ring of protection from fire (right hand)
Wands
 n - a wand of light (10)
Scrolls
 f - 2 scrolls of fear {unknown}
 g - a scroll of teleportation {unknown}
 h - a scroll of blinking {unknown}
 k - 2 scrolls of poison {unknown}
 o - a scroll of identify {unknown}
 q - a scroll of noise {unknown}
 t - a scroll of amnesia {unknown}
 u - a scroll of immolation {unknown}
Potions
 d - 2 potions of might
 e - a potion of lignification {unknown}
 j - 2 potions of attraction {unknown}
 l - a potion of invisibility {unknown}
 m - a potion of cancellation {unknown}
 r - a potion of heal wounds
 s - a potion of brilliance {unknown}


   Skills:
 + Level 5.0 Fighting
 * Level 5.3 Staves
 + Level 5.0 Armour
 + Level 6.1 Shields


You had 6 spell levels left.
You didn't know any spells.
Your spell library was empty.

Dungeon Overview and Level Annotations

Branches:
Dungeon (7/15)             Bailey (1/1)
 Temple: D:4-7

Altars:
Cheibriados
Elyvilon
Okawaru
Qazlal

Shops:
D:3 :([![


Innate Abilities, Weirdness & Mutations

You cannot be hasted, slowed, berserked, paralysed or teleported.
You can dig through walls and to a lower floor.
You have a pair of large antennae on your head. (SInv)
Your four strong arms can wield two-handed weapons with a shield.


Message History

Things that are here:
a +0 spear; a goblin corpse You see here a +0 spear.
Things that are here:
a +0 spear; a goblin corpse You start resting.
You hear the steady creaking of a portcullis very nearby.
You see here a +0 spear.
Things that are here:
a +0 spear; a goblin corpse You enter the shallow water.
Moving in this stuff is going to be slow.
There is an open gate here.
There is an escape hatch in the floor here.
u - a scroll labelled ZIDUKL QEHYQASU
There is a flagged portal here.
The world spins around you as you enter the gateway.
You enter a bailey!
Found a gate leading back out of this place.
There is an empty arch of ancient stone here.
An orc and an orc warrior come into view.
The orc warrior shouts!
The orc moves out of view.
An orc warrior comes into view. It is wielding a +0 arbalest.
The orc warrior shouts!
An orc warrior comes into view. It is wielding a +0 arbalest.
The orc warrior shoots a bolt.
The bolt barely misses you.
The orc warrior shoots a bolt.
The bolt hits you!
Found a gate leading back out of this place.
The orc warrior shoots a bolt.
The bolt hits you!
The orc warrior shoots a bolt.
The bolt barely misses you.
The orc warrior shoots a bolt.
The bolt closely misses you.
The orc warrior shoots a bolt.
The bolt barely misses you.
The orc warrior shoots a bolt.
The bolt hits you!
The orc warrior shoots a bolt.
You block the bolt.
The orc warrior shoots a bolt.
The bolt hits you!
The orc warrior shoots a bolt.
The bolt hits you!
* * * LOW HITPOINT WARNING * * *
The orc warrior shoots a bolt.
The bolt hits you!
You die...

#......≈≈{≈≈
#.....≈≈#{#
#.....≈##.∩#
#...o.≈#... ....
#..oo.≈##.##≈...
#....o≈≈###≈≈...
#......≈≈≈≈≈....
#...............
#...@...........
#.∩.............
#∩..............
################


You could see 3 orc warriors and an orc.

Vanquished Creatures
  A sky beast (D:7)
  A phantom (D:4)
  2 orc priests (D:7)
  2 hounds (D:4)
  2 jellies
  A sleepcap (D:5)
  Jessica (D:3)
  2 orc wizards
  5 adders
  3 gnolls (D:3)
  A white imp (D:5)
  2 worms
  3 dart slugs
  18 orcs
  4 ball pythons
  6 endoplasms
  2 giant cockroaches (D:1)
  9 goblins
  3 hobgoblins (D:3)
  A quokka (D:4)
  4 bats
  A frilled lizard (D:1)
  9 kobolds
  A rat (D:3)
84 creatures vanquished.

Notes
Turn   | Place    | Note
-------+----------+-------------------------------------------
     0 | D:1      | Ivernyr the Formicid Fighter began the quest for the Orb.
     0 | D:1      | Reached XP level 1. HP: 18/18 MP: 1/1
   344 | D:1      | Reached XP level 2. HP: 24/24 MP: 2/2
   853 | D:2      | Reached XP level 3. HP: 29/29 MP: 3/3
  1535 | D:3      | Noticed Jessica
  1538 | D:3      | Killed Jessica
  1539 | D:3      | Reached XP level 4. HP: 37/37 MP: 4/4
  1907 | D:3      | Found Kiacohot's Antique Armour Emporium.
  2107 | D:3      | Reached XP level 5. HP: 42/42 MP: 5/5
  2112 | D:3      | Found an iron altar of Okawaru.
  2160 | D:3      | Found Ezef's Weapon Boutique.
  2187 | D:3      | Found Ruesogiu's Book Shoppe.
  2297 | D:3      | Found Loafarro's Distillery.
  2307 | D:3      | Bought a potion of heal wounds for 70 gold pieces
  2367 | D:3      | Found Puolydyap's Armour Shoppe.
  2669 | D:4      | Found a snail-covered altar of Cheibriados.
  2770 | D:4      | Noticed a phantom
  2788 | D:4      | Killed a phantom
  2789 | D:4      | Reached skill level 5 in Shields
  2789 | D:4      | Reached XP level 6. HP: 39/48 MP: 6/6
  3188 | D:4      | Found a white marble altar of Elyvilon.
  3356 | D:5      | Entered Level 5 of the Dungeon
  3366 | D:5      | Noticed a water elemental
  3369 | D:5      | Found a stormy altar of Qazlal.
  3370 | D:5      | Noticed an air elemental
  3370 | D:5      | Noticed a fire elemental
  3514 | D:5      | Reached XP level 7. HP: 45/55 MP: 7/7
  3647 | D:5      | Noticed a water moccasin
  3652 | D:5      | You fall into a shaft and drop 2 floors!
  3723 | D:7      | Reached skill level 5 in Staves
  3954 | D:7      | Reached skill level 5 in Fighting
  3954 | D:7      | Reached skill level 6 in Shields
  3959 | D:7      | Reached skill level 5 in Armour
  3977 | D:7      | Found a flagged portal.
  4018 | Bailey   | Entered a bailey
  4041 | Bailey   | Shot with a bolt by an orc warrior

Illustrated notes

Levels and vault maps discovered:
D:1:      dpeg_arrival_pond, layout_loops_ring
D:2:      layout_loops_corners, chequers_serial_rivers_micro_c
D:3:      layout_basic, okawaru_altar_gauntlet_db, serial_shops,
          nicolae_shop_tiny_waterfront, shop, nicolae_shop_real_fake_doors,
          nicolae_shop_statue_plus, nicolae_book_shop_shelving,
          minmay_box_of_dots, uniq_jessica
D:4:      layout_rooms, kennysheep_slug_shrine, kennysheep_little_box
D:5:      layout_cave_pools, general_overflow_altar,
          nicolae_qazlal_style_of_elements, lightli_temple_of_fire,
          lemuel_coloured_pillars_altar
D:6:      layout_loops_cross, serial_shops, nicolae_shop_tiny_real_fake_doors,
          shop
D:7:      layout_rooms, minmay_temple_entry_wispy, enter_bailey_4,
          nicolae_zig_zag_zippers
Bailey:   bailey_polearm_2, bailey

Skill      XL: |  1  2  3  4  5  6  7 |
---------------+----------------------+-----
Staves         | 3 4 5 |  5.3
Fighting       | 4 5 |  5.0
Armour         | 4 5 |  5.0
Shields        | 5 6 |  6.1

Action                     |  1- 3 |  4- 6 |  7- 9 || total
---------------------------+-------+-------+-------++-------
  Melee: Quarterstaff      |    62 |   172 |    56 ||   290
Ability: Dig               |       |       |     1 ||     1
         Shaft Self        |       |       |     1 ||     1
 Armour: Scale mail        |    33 |   100 |    41 ||   174
  Dodge: Dodged            |    34 |    62 |    34 ||   130
  Block: Buckler           |    16 |    44 |    25 ||    85

Table legend: (Time is in decaauts)
 A = Elapsed time spent in this place.
 B = Non-inter-level travel time spent in this place.
 C = Inter-level travel time spent in this place.
 D = Time resting spent in this place.
 E = Time spent auto-exploring this place.
 F = Levels seen in this place.
 G = Mean time per level.
                   A        B        C        D        E       F      G
               +--------+--------+--------+--------+--------+-----+--------+
         Total |   4084 |   3990 |     94 |    622 |   2587 |   8 |  510.5 |
       Dungeon |   4062 |   3968 |     94 |    622 |   2587 |   7 |  580.3 |
        Bailey |     22 |     22 |      0 |      0 |      0 |   1 |   22.0 |
               +--------+--------+--------+--------+--------+-----+--------+

Top non-repeatable levels by time:
     D:3: 1102 daAuts
     D:2: 924 daAuts
     D:4: 803 daAuts
     D:1: 616 daAuts
     D:7: 365 daAuts
     D:5: 242 daAuts
  Bailey: 22 daAuts
     D:6: 6 daAuts
